 Dungeon Crawl Stone Soup version 0.28-a0-239-g68911e0c57 (webtiles) character file.

Game seed: 7731329723091027270

52 zdrol the Chopper (level 3, -3/33 HPs)
             Began as a Minotaur Monk on Aug 23, 2021.
             Slain by Grinder (9 damage)
             ... on level 3 of the Dungeon.
             The game lasted 00:05:29 (1788 turns).

zdrol the Chopper (Minotaur Monk)                   Turns: 1788, Time: 00:05:29

Health: -3/33      AC:  2    Str: 15    XL:     3   Next: 60%
Magic:  2/2        EV: 13    Int:  7    God:
Gold:   66         SH:  0    Dex: 13    Spells: 2/2 levels left

rFire   + . .      SeeInvis .   a - +0 hand axe
rCold   + . .      Faith    .   (no shield)
rNeg    . . .      Spirit   .   b - +0 robe
rPois   .          Reflect  .   (helmet restricted)
rElec   .          Harm     .   c - scarf {rC+ rF+}
rCorr   .          Rampage  .   (no gloves)
Will    .....                   (no boots)
Stlth   ++........              (no amulet)
HPRegen 0.11/turn               (no ring)
MPRegen 0.08/turn               (no ring)

@: no status effects
A: horns 2, retaliatory headbutt
a: no special abilities


You were on level 3 of the Dungeon.
You visited 1 branch of the dungeon, and saw 3 of its levels.

You collected 66 gold pieces.

Inventory:

Hand Weapons
 a - a +0 hand axe (weapon)
 f - a +2 dagger of venom
 g - a +2 dagger of venom
Armour
 b - a +0 robe (worn)
 c - a scarf of resistance (worn)
Wands
 j - a wand of digging (4)
Scrolls
 d - 2 scrolls of enchant weapon {unknown}
 e - a scroll of teleportation {unknown}
Potions
 h - a potion of curing {unknown}
 i - a potion of mutation {unknown}
 k - a potion of magic {unknown}


   Skills:
 + Level 4.0 Fighting
 + Level 4.6 Axes
 + Level 3.9 Dodging
 + Level 1.7 Stealth


You had 2 spell levels left.
You didn't know any spells.
Your spell library contained the following spells:

 Spells                   Type           Power      Damage    Failure   Level
 Apportation              Tloc           0%         N/A       43%         1
 Alistair's Intoxication  Tmut/Pois      0%         N/A       100%        5
 Invisibility             Hex            0%         N/A       100%        6


Dungeon Overview and Level Annotations

Branches:
Dungeon (3/15)

Altars:

Shops:
D:1 [

Annotations:
D:3 Grinder


Innate Abilities, Weirdness & Mutations

You have a pair of horns on your head.
You reflexively headbutt those who attack you in melee.


Message History

Grinder shouts!
Grinder gestures at you. Pain shoots through your body!
Grinder zaps a wand.
The puff of flame misses you.
You see here a glowing inky potion.
Grinder zaps a wand.
The puff of flame hits you. You resist.
You barely miss Grinder. Grinder closely misses you.
You hit Grinder.
Grinder is lightly wounded.
Grinder completely misses you.
You hit Grinder.
Grinder is moderately wounded.
Grinder barely misses you.
You hit Grinder. Your headbutt misses Grinder.
Grinder is heavily wounded.
Grinder closely misses you.
You hit Grinder but do no damage. Your headbutt misses Grinder.
Grinder is heavily wounded.
Grinder gestures at you. Pain shoots through your body!
You barely miss Grinder.
Grinder is moderately wounded.
Grinder says, "Are you a fish?" Grinder gestures at you.
Pain shoots through your body!
You hit Grinder. You headbutt Grinder.
Grinder is heavily wounded.
Grinder zaps a wand.
The puff of flame hits you. You resist.
You hit Grinder.
Grinder is severely wounded.
Grinder closely misses you.
You barely miss Grinder. Your headbutt misses Grinder.
Grinder is severely wounded.
Grinder gestures at you. Pain shoots through your body!
* * * LOW HITPOINT WARNING * * *
You completely miss Grinder.
Grinder is severely wounded.
Grinder hits you!
You die...

##############
#............#
#............#
#.......@5...#
#...<..!.....#
#............#
#............#
#............#
#.........)..#
#............#
..............+
##............#


You could see Grinder.

Vanquished Creatures
  An adder (D:2)
  4 ball pythons (D:1)
  7 endoplasms
  3 giant cockroaches
  2 hobgoblins
  2 jackals (D:2)
  3 kobolds (D:2)
  3 quokkas
  2 frilled lizards (D:1)
  7 goblins (D:2)
  4 rats
38 creatures vanquished.

Notes
Turn   | Place    | Note
-------+----------+-------------------------------------------
     0 | D:1      | zdrol the Minotaur Monk began the quest for the Orb.
     0 | D:1      | Reached XP level 1. HP: 19/19 MP: 0/0
   140 | D:1      | Found Cioxteit's Antique Armour Shop.
   234 | D:1      | Found a faded altar of an unknown god.
   242 | D:1      | Reached XP level 2. HP: 25/27 MP: 1/1
   876 | D:2      | Reached XP level 3. HP: 27/33 MP: 2/2
  1772 | D:3      | Noticed Grinder
  1788 | D:3      | Slain by Grinder

Illustrated notes

Levels and vault maps discovered:
D:1:      arrival_zaba_pyramid, layout_basic, serial_shops,
          nicolae_shop_statue_plus, ebering_ecumenical_altar_box
D:2:      layout_basic, minmay_tromino_i4
D:3:      layout_basic, overflow_temple_1_default, serial_shops,
          nicolae_shop_waterfront, corner_web_ring, minivault_24, uniq_grinder

Skill      XL: |  1  2  3 |
---------------+----------+-----
Axes           | 4 |  4.6
Fighting       | 4 |  4.0
Dodging        | |  3.9
Stealth        | |  1.7

Action                   || total
-------------------------++-------
Melee: Hand axe          ||    90
       Headbutt          ||    17
Throw: Boomerang         ||     3
 Stab: Sleeping          ||     2
Armor: Robe              ||    11
Dodge: Dodged            ||    54

Table legend: (Time is in decaauts)
 A = Elapsed time spent in this place.
 B = Non-inter-level travel time spent in this place.
 C = Inter-level travel time spent in this place.
 D = Time resting spent in this place.
 E = Time spent auto-exploring this place.
 F = Levels seen in this place.
 G = Mean time per level.
                   A        B        C        D        E       F      G
               +--------+--------+--------+--------+--------+-----+--------+
         Total |   1795 |   1795 |      0 |      0 |   1278 |   3 |  598.3 |
       Dungeon |   1795 |   1795 |      0 |      0 |   1278 |   3 |  598.3 |
               +--------+--------+--------+--------+--------+-----+--------+

Top non-repeatable levels by time:
     D:2: 1166 daAuts
     D:1: 612 daAuts
     D:3: 16 daAuts
